Unix NetHack Version 3.7.0-101 Work-in-progress - last build Mar 4 2024 02:26:32 (3c4ac04b664b9ee0831c739617f054b5b60dbfd1,branch:master). Game began 2024-03-13 12:55:45, ended 2024-03-13 13:03:12. elenmirie, neutral female gnomish Archeologist # -------|-------- |@&.............# --------------- ------ -------- |..............|# #..............-# |.....#####....(.[| |..............|# #|.............|# |....| |......| ----------|-----# #---------------######..(<.| ##.......| # # ## # ---.- # |....._| # # # # # ######-......| # ## # # # # --.----- ##### #-------# # # # # # #......|# # # # # # ####|.....-# ### -----.--# # # #### #......| # |.......# # --------|--- # ------- ---- ##|......| # |..........+## |...########|.......## # |..........| ## |..| #.......| # -.------- |.......*...## ---- -------- |.......| |`....*....| |......>| -|---------- --------- # Elenmirie the Field Worker St:10 Dx:11 Co:11 In:14 Wi:18 Ch:11 Neutral Dlvl:1 $:853 HP:0(20) Pw:17(17) AC:8 Xp:3/49 T:1362 Hungry Latest messages: You see here an acid blob corpse. You have a little trouble lifting B - an acid blob corpse. Your movements are slowed slightly because of your load. You climb up the stairs. What do you want to sacrifice? [B or ?*] B Your sacrifice is consumed in a plume of smoke! Your movements are now unencumbered. What do you want to use or apply? [aegntw or ?*] ? An acid blob suddenly appears next to you! What do you want to wield? [- aemA or ?*] A The runed dagger welds itself to your dominant right hand! You swap places with the peaceful acid blob. You swap places with the peaceful acid blob. You swap places with the peaceful acid blob. You hear water falling on coins. You see here a worthless piece of white glass. You find a hidden door. The door resists! The door resists! The door resists! The door opens. You find a hidden passage. You are beginning to feel hungry. What do you want to dip? [abdegl-ntwyA or ?*] ? Dip a cursed runed dagger (weapon in right hand) into the fountain? [yn] (n) y You unleash a water demon! What do you want to dip? [abdegl-ntwyA or ?*] ? Dip a cursed runed dagger (weapon in right hand) into the fountain? [yn] (n) y Nothing seems to happen. The water demon hurls a white potion! The carafe crashes on your head and breaks into shards. The white potion evaporates. You feel rather tired. The water demon wields a thonged club! The water demon hits! The water demon bites! The water demon swings his thonged club. The water demon hits! The water demon hits! The water demon bites! You can move again. You miss the water demon. The water demon swings his thonged club. The water demon hits! You die... Do you want your possessions identified? [ynq] (y) y Do you want to see your attributes? [ynq] (y) y Do you want an account of creatures vanquished? [ynaq] (y) y Do you want to see your conduct and achievements? [ynq] (y) y Do you want to see the dungeon overview? [ynq] (y) y Inventory: Coins $ - 853 gold pieces Weapons A - a cursed -1 elven dagger (weapon in right hand) m - 2 uncursed +0 orcish daggers a - an uncursed +2 bullwhip Armor y - an uncursed +0 orcish helm (being worn) l - an uncursed +0 mummy wrapping b - an uncursed +0 leather jacket (being worn) Comestibles d - 4 uncursed food rations Tools w - an uncursed sack containing 6 items n - an uncursed bag of tricks (0:16) e - an uncursed +0 pick-axe (alternate weapon; not wielded) t - an uncursed tinning kit (0:66) Gems/Stones g - an uncursed touchstone Contents of the sack: an uncursed scroll of confuse monster an uncursed scroll of teleportation an uncursed spellbook of cone of cold an uncursed potion of fruit juice an uncursed potion of water a potion of unholy water Elenmirie the Archeologist's attributes: Background: You were a Field Worker, a level 3 female gnomish Archeologist. You were neutral, on a mission for Camaxtli who was opposed by Quetzalcoatl (lawful) and Huhetotl (chaotic). You were right-handed. You were in the Dungeons of Doom, on level 1. You entered the dungeon 1362 turns ago. You had 49 experience points, 31 more were needed to attain level 4. Basics: You had 0 out of 20 hit points. You had all 17 energy points (spell power). Your armor class was 8. Your wallet contained 853 zorkmids. Autopickup was on for '$' plus thrown. Final Characteristics: Your strength was 10 (limit:18/50). Your dexterity was 11 (limit:18). Your constitution was 11 (limit:18). Your intelligence was 14 (limit:19). Your wisdom was 18 (limit:18). Your charisma was 11 (limit:18). Final Status: You were hungry. You were unencumbered. You were wielding a dagger. You were unskilled in dagger. Final Attributes: You were devoutly aligned. You had automatic searching. You had infravision. You are dead. Miscellaneous: You never encountered a bones level. Total elapsed playing time was 7 minutes and 27 seconds. Major events: Turn 1: elenmirie the neutral female gnomish Archeologist entered the dungeon 928: attained the rank of Field Worker (level 3) 1362: killed by a water demon Vanquished creatures: a kobold mummy an acid blob a hobbit 2 giant rats a gnome zombie 2 jackals a kobold 4 goblins a sewer rat 2 grid bugs 4 lichens 5 newts 25 creatures vanquished. No species were genocided or became extinct. Voluntary challenges: You followed a strict vegan diet. You read items or engraved 1 time. You never engraved Elbereth. You never genocided any monsters. You never polymorphed an object. You never changed form. You used no wishes. Achievement: You attained the rank of Field Worker. The Dungeons of Doom: levels 1 to 2 Level 1: <- You were here. An altar to Camaxtli, a fountain. Final resting place for you, killed by a water demon. Level 2: An altar, a fountain. Game over: ---------- / \ / REST \ / IN \ / PEACE \ / \ | elenmirie | | 853 Au | | killed by a | | water demon | | | | | | 2024 | *| * * * | * _________)/\\_//(\/(/\)/\//\/|_)_______ Goodbye elenmirie the Archeologist... You died in The Dungeons of Doom on dungeon level 1 with 1014 points, and 853 pieces of gold, after 1362 moves. You were level 3 with a maximum of 20 hit points when you died.